 Dungeon Crawl Stone Soup version 0.27-a0-1559-g299f9947c5 (webtiles) character file.

Game seed: 17531187359963496526

29 MirrMurr the Poker (level 3, 0/28 HPs)
             Began as a Demonspawn Gladiator on July 16, 2021.
             Killed from afar by an orc wizard (4 damage)
             ... with a magic dart
             ... on level 1 of the Dungeon.
             The game lasted 00:02:16 (1097 turns).

MirrMurr the Poker (Demonspawn Gladiator)           Turns: 1097, Time: 00:02:16

Health: 0/28       AC:  6    Str: 15    XL:     3   Next: 1%
Magic:  3/3        EV: 12    Int:  9    God:
Gold:   0          SH:  0    Dex: 14    Spells: 2/2 levels left

rFire    . . .     SeeInvis .   a - +0 trident
rCold    . . .     Faith    .   (no shield)
rNeg     . . .     Spirit   .   b - +0 leather armour
rPois    .         Reflect  .   c - +0 helmet
rElec    .         Harm     .   (no cloak)
rCorr    .         Rampage  .   (no gloves)
Will     .....                  (no boots)
Stlth    +.........             (no amulet)
HPRegen  0.09/turn              (no ring)
MPRegen  0.08/turn              (no ring)

@: no status effects
A: thin metallic scales 1
a: no special abilities


You were on level 1 of the Dungeon.
You visited 1 branch of the dungeon, and saw 2 of its levels.

Inventory:

Hand Weapons
 a - a +0 trident (weapon)
Missiles
 d - 3 throwing nets
 g - 3 javelins
 j - 3 stones (quivered)
Armour
 b - a +0 leather armour (worn)
 c - a +0 helmet (worn)
Scrolls
 e - a scroll of blinking {unknown}
 f - a scroll of identify {unknown}
 h - a scroll of noise {unknown}
Potions
 i - 2 potions of might {unknown}
 k - a potion of haste {unknown}


   Skills:
 + Level 2.3 Fighting
 * Level 3.1 Polearms
 + Level 2.0 Throwing
 + Level 0.8 Armour
 + Level 2.8 Dodging


You had 2 spell levels left.
You didn't know any spells.
Your spell library was empty.

Dungeon Overview and Level Annotations

Branches:
Dungeon (2/15)

Altars:


Innate Abilities, Weirdness & Mutations

You are partially covered in thin metallic scales. (AC +2)


Message History

The orc wizard is heavily wounded.
The orc wizard gestures wildly while chanting.
The orc wizard flickers and vanishes!
Deactivating autopickup; reactivate with Ctrl-A.
No target in view!
No target in view!
No target in view!
No target in view!
You hit something but do no damage.
You hear some strange, mumbled words.
Something tries to affect you, but you resist.
You closely miss something.
Something hits you but does no damage. x2
You barely miss something. Something hits you but does no damage.
You miss something.
You hear some strange, mumbled words.
A puff of flame appears from out of thin air!
The puff of flame hits you!
You barely miss something. Something hits you but does no damage.
You closely miss something.
You hear some strange, mumbled words.
A magic dart appears from out of thin air!
The magic dart hits you.
You hit something but do no damage. Something hits you but does no damage.
You miss something.
You hear some strange, mumbled words.
A puff of flame appears from out of thin air!
The puff of flame hits you.
* * * LOW HITPOINT WARNING * * *
Something hits you but does no damage.
You closely miss something. Something hits you but does no damage.
You miss something. Something hits you but does no damage.
You barely miss something.
You hear some strange, mumbled words.
A magic dart appears from out of thin air!
The magic dart hits you but does no damage.
You completely miss something.
You hear some strange, mumbled words.
A magic dart appears from out of thin air!
The magic dart hits you.
You die...

..........#.#.#...P##.#.#
#.#######........####.#.#
#.#.....#.#.#..#.# #.#.#
..#.....#...##.#.# #.#.#########
#.+..<..'.####...# #............
###.....#.รท......# ###.#########
#.....#.###.#..# #.# #....#
#########.#....#{######.####.##.#
.......##.#.....@.....(.........#
###....##.#.#..########.####.####
..#.......###..#......#.####.# #
..#.........#.........#......# #
..#...#####.#.#......)....##### #
..#...# #.#.+...........'...# #
..#...# #.###...........###.# #
###...# #.# ############# #.# #
#...# #.# #.# #


There were no monsters in sight!

Vanquished Creatures
  2 dart slugs
  An orc (D:2)
  3 goblins
  3 hobgoblins (D:1)
  A kobold (D:1)
  A quokka (D:1)
  5 ball pythons
  5 bats (D:1)
  2 frilled lizards (D:1)
23 creatures vanquished.

Notes
Turn   | Place    | Note
-------+----------+-------------------------------------------
     0 | D:1      | MirrMurr the Demonspawn Gladiator began the quest for the
                  | Orb.
     0 | D:1      | Reached XP level 1. HP: 16/16 MP: 1/1
   154 | D:1      | Gained mutation: You are partially covered in thin metallic
                  | scales. (AC +2) [demonic ancestry]
   154 | D:1      | Reached XP level 2. HP: 21/22 MP: 2/2
   176 | D:1      | Reached skill level 3 in Polearms
   971 | D:2      | Reached XP level 3. HP: 19/28 MP: 3/3
  1097 | D:1      | Killed from afar by an orc wizard

Illustrated notes

Levels and vault maps discovered:
D:1:      minmay_arrival_checkered_box, layout_basic, serial_forest,
          infiniplex_forest_end_3, infiniplex_forest_clump_small,
          infiniplex_forest_clump_tiny, infiniplex_forest_lined_2,
          infiniplex_forest_clump_diagonal, infiniplex_forest_lined_4_way,
          grunt_decor_one_mirror
D:2:      cheibrodos_pilgrimage, layout_loops_ring,
          chequers_serial_rivers_micro_a, chequers_jeans, uniq_sigmund

Skill      XL: |  1  2 |
---------------+-------+-----
Polearms       | 3 |  3.1
Throwing       | 2 |  2.0
Fighting       | |  2.3
Armour         | |  0.8
Dodging        | |  2.8

Action                   || total
-------------------------++-------
Melee: Trident           ||    76
Armor: Leather armour    ||    32
Dodge: Dodged            ||    30

Table legend: (Time is in decaauts)
 A = Elapsed time spent in this place.
 B = Non-inter-level travel time spent in this place.
 C = Inter-level travel time spent in this place.
 D = Time resting spent in this place.
 E = Time spent auto-exploring this place.
 F = Levels seen in this place.
 G = Mean time per level.
                   A        B        C        D        E       F      G
               +--------+--------+--------+--------+--------+-----+--------+
         Total |   1110 |   1084 |     26 |      8 |    822 |   2 |  555.0 |
       Dungeon |   1110 |   1084 |     26 |      8 |    822 |   2 |  555.0 |
               +--------+--------+--------+--------+--------+-----+--------+

Top non-repeatable levels by time:
     D:1: 872 daAuts
     D:2: 237 daAuts
